 Dungeon Crawl Stone Soup version 0.13-a0-2739-gace2dc1 (console) character file.

254474 Kellhus the Destroyer (level 20, -2/120 HPs)
             Began as an Octopode Wizard on Aug 21, 2013.
             Was the Champion of Vehumet.
             Slain by a flaming corpse (7 damage)
             ... summoned by a vampire mage
             ... on Level 1 of the Crypt.
             The game lasted 02:58:16 (70452 turns).

Kellhus the Destroyer (Octopode Wizard)            Turns: 70452, Time: 02:58:17

HP  -2/120       AC  7     Str 10      XL: 20   Next: 43%
MP  18/61        EV 16     Int 28 (32) God: Vehumet [******]
Gold 3882        SH  0     Dex 13      Spells: 10 memorised, 10 levels left

Res.Fire  : + . .   See Invis. : +   a - staff of power
Res.Cold  : + . .   Warding    : .   (no shield)
Life Prot.: . . .   Conserve   : .   W - +1 wizard hat {Int+3}
Res.Poison: .       Res.Corr.  : .   P - amulet "Deil" {Clar Str+4 Int+2}
Res.Elec. : .       Clarity    : +   V - ring of sustenance
Sust.Abil.: . .     Spirit.Shd : .   o - ring of regeneration
Res.Mut.  : .       Stasis     : .   K - ring of protection from cold
Res.Rott. : .       Flight     : .   y - +5 ring of protection
Saprovore : . . .                    E - ring of magical power
                                     X - ring of protection from fire
                                     Y - ring of protection from magic
                                     f - ring of see invisible

@: very slightly contaminated, very resistant to hostile enchantments, quite
stealthy
A: almost no armour, amphibious, 8 rings, constrict 8, camouflage 1, AC +1
a: Renounce Religion


You were on level 1 of the Crypt.
You worshipped Vehumet.
Vehumet was exalted by your worship.
You were not hungry.

You visited 6 branches of the dungeon, and saw 38 of its levels.
You also visited: Labyrinth and Bailey.

You collected 5570 gold pieces.
You spent 1708 gold pieces at shops.

Inventory:

Hand weapons
 b - a +0 blowgun
 p - a +3,+1 elven whip of electrocution
Missiles
 q - 17 poisoned needles
Armour
 W - a +1 wizard hat of intelligence (worn)
Magical devices
 d - a wand of fire (7)
 j - a wand of teleportation (1)
 u - a wand of teleportation (7)
 B - a wand of heal wounds (5)
 D - a wand of digging (6)
 G - a wand of disintegration (9)
 Q - a wand of fire (5)
 S - a wand of disintegration (9)
Comestibles
 c - 3 bread rations
 r - 2 meat rations
 A - 2 beef jerkies
 H - 8 cheeses
Scrolls
 l - 4 scrolls of remove curse
 m - 4 scrolls of magic mapping
 t - 3 scrolls of fear
 w - 3 scrolls of summoning
 C - 7 scrolls of teleportation
 O - 4 scrolls of identify
 T - a scroll of fog
Jewellery
 f - a ring of see invisible (on tentacle)
 h - an uncursed ring of teleportation
 o - a ring of regeneration (right tentacle)
 y - a +5 ring of protection (on tentacle)
 z - an uncursed amulet of conservation
 E - a ring of magical power (on tentacle)
 F - an uncursed ring of ice
 I - an uncursed ring of ice
 K - a ring of protection from cold (on tentacle)
 L - an uncursed amulet of stasis
 P - the amulet "Deil" (around mantle) {Clar Str+4 Int+2}
   (You found it on level 8 of the Dungeon)

   [amulet of clarity]

   It affects your strength (+4).
   It affects your intelligence (+2).
 R - an uncursed amulet of conservation
 U - an uncursed ring of flight
 V - a ring of sustenance (left tentacle)
 X - a ring of protection from fire (on tentacle)
 Y - a ring of protection from magic (on tentacle)
Potions
 e - a potion of flight
 g - 6 potions of curing
 i - 3 potions of speed
 k - a potion of brilliance
 n - 3 potions of heal wounds
 v - 2 potions of invisibility
 x - 3 potions of might
 N - 5 potions of magic
 Z - 3 potions of agility {unknown}
Books
 M - a book of Dreams

   Spells                             Type                      Level
   Ensorcelled Hibernation            Hexes/Ice                    2
   Flight                             Charms/Air                   3
   Phase Shift                        Translocation                5
   Shadow Creatures                   Summoning                    5
   Mass Confusion                     Hexes                        6
   Darkness                           Hexes                        7
Magical staves
 a - an uncursed staff of power (weapon)
 J - an uncursed staff of cold


   Skills:
 - Level 7.3 Fighting
 - Level 7.9 Dodging
 - Level 2.6 Stealth
 - Level 15.0 Spellcasting
 + Level 19.3 Conjurations
 - Level 9.0 Charms
   Level 1.0 Summonings
 - Level 1.0 Translocations
 + Level 19.3 Ice Magic


You had 10 spell levels left.
You knew the following spells:

 Your Spells              Type           Power        Failure   Level  Hunger
a - Throw Icicle          Conj/Ice       #######.     0%          4    None
b - Iron Shot             Conj/Erth      ######....   2%          6    ####...
c - Bolt of Cold          Conj/Ice       #######...   1%          6    ####...
d - Freezing Cloud        Conj/Ice/Air   #######...   1%          6    ####...
e - Regeneration          Chrm/Necr      #####.....   1%          3    None
h - Haste                 Chrm           ######..     12%         6    ####...
l - Blink                 Tloc           N/A          2%          2    None
o - Ozocubu's Armour      Chrm/Ice       #######...   1%          3    None
r - Repel Missiles        Chrm/Air       #####.....   1%          2    None
A - Apportation           Tloc           ####......   1%          1    None


Dungeon Overview and Level Annotations

Branches:
Dungeon (20/27)            Temple (1/1) D:7             Orc (4/4) D:9
    Elf (0/3) Orc:4          Lair (8/8) D:8          Shoals (0/5) Lair:6
  Snake (0/5) Lair:5       Spider (0/5) Lair:3        Slime (0/6) Lair:8
 Vaults (4/5) D:15          Blade (0/1) Vaults:3      Crypt (1/5) Vaults:2

Altars:
Ashenzari
Cheibriados
Elyvilon
Fedhas
Kikubaaqudgha
Makhleb
Nemelex Xobeh
Okawaru
Sif Muna
Trog
Vehumet
Xom
Yredelemnul
Zin
the Shining One
Beogh

Shops:
D:5: ( D:16: ?[ Orc:4: =%%* Vaults:4: !

Portals:
Trove: D:18 (give +3 gold dragon armour)

Annotations
D:17 exclusion: Roxanne, Roxanne
D:20 Sojobo
Lair:1 exclusion: oklob plant


Innate Abilities, Weirdness & Mutations

You cannot wear most types of armour.
You are amphibious.
You can wear up to eight rings at the same time.
You can use your tentacles to constrict many enemies at once.
Your skin changes colour to match your surroundings (Stlth).
Your rubbery body absorbs attacks (AC +1).


Message History

Unknown command.
Casting: Blink
Confirm with . or Enter, or press ? or * to list all spells.
You blink.
The flying skull hits you.
Found 14 stones and a colourful book.
Unknown command.
Casting: Blink
Confirm with . or Enter, or press ? or * to list all spells.
You blink.
The vampire mage hits you with a hand axe!
* * * LOW HITPOINT WARNING * * *
The vampire mage bites you!
* * * LOW HITPOINT WARNING * * *
The vampire barely misses you. The vampire misses you.
The flying skull misses you.
The shadow slips into darkness for a moment.
The neqoxec gestures at you.
Something tries to feed on your intellect!
The flaming corpse hits you!
You die...

.............# #########...#
.............# #...#
.............# #)..#
##..........§# #...#
#.........§.######## ##'''##
#..........3V......###.....##
.......####.z.....####.4..##
......#..#.zpz...# #.....#
.....#(?#.V@pz..# $#.....#
...##..###VV'###..#.V..## .#
#.....zVz§e...#...##
#.#8[.._...8#.#)4##
#..[....K.....#.##
#..####'####..#4# #.}# ...)
((#.# #..# :...:W# .#.#
###############.#


You could see 2 vampire magi, a flaming corpse, a deep elf summoner, a neqoxec,
3 vampires, 2 shadows, 4 flying skulls, a kobold demonologist and a wight.

Vanquished Creatures
  Jory (Vaults:3)
  Nikola (D:15)
  Agnes (D:15)
  Kirke (D:15)
  A tengu reaver (D:20)
  A fire giant (Vaults:4)
  Donald (Vaults:2)
  3 frost giants
  Louise (D:15)
  Gastronok (Orc:4)
  5 vault wardens
  10 stone giants
  The ghost of oinker the Sharpshooter, a powerful MiHu of Okawaru (Lair:8)
  An ettin (Vaults:2)
  A minotaur (Lab)
  4 dragons
  A mummy priest (Crypt:1)
  12 hydras
  2 great orbs of eyes
  Harold (Orc:4)
  2 ironheart preservers
  10 yaktaur captains
  A deep troll earth mage (Vaults:1)
  Erica (Orc:3)
  6 ogre magi
  2 very ugly things (Vaults:4)
  26 death yaks
  A deep troll shaman (Vaults:1)
  A rakshasa (D:18)
  An orc high priest (Orc:3)
  21 centaur warriors
  A storm dragon zombie (Vaults:1)
  2 fire crabs
  An iron golem (Vaults:1)
  5 catoblepae
  The ghost of horsemans the Basher, an experienced MiFi of Okawaru (Bailey)
  5 deep elf knights
  A shadow wraith (Crypt:1)
  3 iron trolls
  2 storm dragon skeletons (Vaults:4)
  8 skeletal warriors (Crypt:1)
  2 flayed ghosts
  5 deep trolls
  3 unseen horrors
  4 giant amoebae
  A wizard (D:15)
  8 hill giants
  10 harpies
  14 orc knights
  4 orc sorcerers
  5 ironbrand convokers
  2 necromancers (Crypt:1)
  2 flaming corpses
  A red wasp (Vaults:2)
  A shadow dragon skeleton (Vaults:4)
  A stone giant zombie (Vaults:3)
  A red wasp (shapeshifter) (Vaults:4)
  9 griffons
  6 wolf spiders
  10 elephants (Lair:8)
  8 cyclopes
  7 vault sentinels
  11 stone giant skeletons
  4 deep elf summoners
  3 spiny worms
  A guardian serpent (shapeshifter) (D:19)
  An elephant slug zombie (Crypt:1)
  Psyche (D:9)
  4 black mambas
  2 emperor scorpion zombies (Crypt:1)
  2 redback zombies
  2 storm dragon simulacra
  26 yaktaurs
  A silent spectre (Crypt:1)
  15 spiny frogs
  A mermaid (shapeshifter) (Vaults:4)
  An iron troll zombie (Vaults:2)
  A wandering mushroom (D:15)
  A feature mimic (D:13)
  2 ancient bear skeletons (Crypt:1)
  A fire drake (Lair:2)
  A jumping spider (Vaults:2)
  A deep elf priest (Orc:4)
  A yellow draconian skeleton (Crypt:1)
  14 trolls
  An iron troll skeleton (D:18)
  A blue devil (Crypt:1)
  2 hydra zombies
  A jumping spider (shapeshifter) (D:18)
  16 two-headed ogres
  A wind drake (shapeshifter) (D:17)
  25 blink frogs
  An ettin zombie (Vaults:3)
  8 komodo dragons
  2 hydra skeletons
  44 slime creatures
  A trapdoor spider zombie (D:12)
  3 boulder beetles
  A fire giant simulacrum (Crypt:1)
  A raven (shapeshifter) (D:17)
  A snapping turtle (Lair:6)
  A frost giant simulacrum (Vaults:2)
  A blink frog (shapeshifter) (Vaults:4)
  4 basilisks
  3 brown oozes (Lair:8)
  A stone giant simulacrum (Vaults:2)
  A trapdoor spider (Lab)
  5 wraiths
  A shapeshifter (Vaults:4)
  A deep elf mage (Vaults:3)
  A draconian (shapeshifter) (D:19)
  3 ettin skeletons
  6 shadows
  4 redbacks (Vaults:2)
  A dragon skeleton (Crypt:1)
  An elephant slug (Lair:7)
  4 sharks
  8 vampires
  A yak (shapeshifter) (D:17)
  107 ugly things
  A griffon skeleton (D:12)
  An ice dragon skeleton (Crypt:1)
  72 yaks
  A flying skull (Crypt:1)
  A hill giant zombie (D:19)
  4 air elementals (D:20)
  15 hippogriffs
  A ynoxinul (Orc:3)
  Eustachio (D:7)
  A tarantella (Vaults:2)
  A spiny worm zombie (Vaults:2)
  20 vampire mosquitoes
  A golden eye (shapeshifter) (Vaults:1)
  Grum (Orc:2)
  2 manticores
  5 hogs
  3 rock worms
  2 deep elf fighters
  A steam dragon (D:9)
  4 wyverns
  2 mottled dragons
  A necrophage (D:13)
  13 wolves
  6 porcupines
  3 soldier ants
  A yellow wasp (D:17)
  5 ice beasts
  4 kobold demonologists
  3 black bears
  50 centaurs
  3 freezing wraiths
  A sky beast (D:10)
  A human (D:14)
  A red wasp simulacrum (D:15)
  12 giant goldfish
  54 orc warriors
  A phantom (D:4)
  45 ogres
  16 crocodiles
  A fire crab zombie (D:17)
  6 wargs
  27 giant frogs
  A rotting devil (Vaults:2)
  14 giant slugs
  A komodo dragon zombie (D:16)
  A giant slug zombie (D:17)
  7 big kobolds
  9 agate snails
  A gnoll sergeant (D:7)
  15 water moccasins
  2 yaktaur skeletons
  2 hippogriff zombies
  7 jellyfish
  A troll skeleton (D:12)
  10 killer bees
  7 wights
  An eye of draining (shapeshifter) (D:19)
  6 crimson imps
  5 goliath beetles
  16 hounds
  A soldier ant zombie (D:15)
  3 jellies
  2 quasits
  2 big fish
  9 electric eels
  A two-headed ogre zombie (D:12)
  A giant frog zombie (D:5)
  Crazy Yiuf (D:7)
  34 orc priests
  7 spiders (Lair:3)
  A giant frog skeleton (D:8)
  43 orc wizards
  5 scorpions
  A black bear skeleton (Crypt:1)
  7 iguanas
  8 worker ants
  A porcupine skeleton (Crypt:1)
  8 sheep
  2 boggarts (Crypt:1)
  A big kobold zombie (D:15)
  A worker ant zombie (D:7)
  32 adders
  5 giant centipedes
  21 gnolls
  47 green rats
  A worm zombie (Crypt:1)
  A giant mite (Lair:1)
  A white imp (Crypt:1)
  9 worms
  A scorpion zombie (D:7)
  An adder skeleton (D:8)
  An iguana skeleton (D:5)
  7 giant eyeballs
  10 giant geckos
  An ooze (D:7)
  262 orcs
  27 bats
  4 giant cockroaches
  39 goblins
  31 hobgoblins
  25 jackals
  62 kobolds
  17 quokkas
  A ball python (D:4)
  A giant gecko zombie (D:8)
  8 giant newts
  2 giant spores
  A hobgoblin zombie (D:5)
  A jackal skeleton (D:5)
  A jackal zombie (D:5)
  A kobold zombie (D:5)
  An orc skeleton (D:4)
  An orc zombie (Orc:2)
  A quokka skeleton (D:9)
  23 rats
  A rat skeleton (D:4)
  10 ballistomycetes
  10 plants
1922 creatures vanquished.

Vanquished Creatures (others)
  A tengu reaver (Vaults:4)
  A death yak (Lair:7)
  A human (D:15)
  A satyr zombie (Crypt:1)
  An ogre (Vaults:4)
  A bat (D:2)
  A rat (D:13)
  7 fungi
  7 plants
21 creatures vanquished.

Grand Total: 1943 creatures vanquished

Notes
Turn   | Place    | Note
--------------------------------------------------------------
     0 | D:1      | Kellhus, the Octopode Wizard, began the quest for the Orb.
     0 | D:1      | Reached XP level 1. HP: 9/9 MP: 5/5
   216 | D:1      | Reached XP level 2. HP: 15/15 MP: 2/7
   819 | D:2      | Reached XP level 3. HP: 19/19 MP: 5/9
  1238 | D:2      | Reached XP level 4. HP: 25/25 MP: 3/11
  1683 | D:2      | Reached skill level 4 in Conjurations
  2327 | D:3      | Reached XP level 5. HP: 29/29 MP: 5/12
  2468 | D:3      | Reached skill level 5 in Conjurations
  2561 | D:3      | Noticed a giant frog
  2570 | D:3      | Killed a giant frog
  2643 | D:3      | Learned a level 3 spell: Conjure Flame
  2652 | D:3      | Reached XP level 6. HP: 35/35 MP: 12/14
  2774 | D:3      | Reached skill level 6 in Conjurations
  3268 | D:3      | Learned a level 3 spell: Mephitic Cloud
  3904 | D:4      | Reached XP level 7. HP: 39/39 MP: 3/18
  4478 | D:4      | Reached skill level 5 in Spellcasting
  4869 | D:4      | Reached skill level 7 in Conjurations
  5648 | D:4      | Reached XP level 8. HP: 34/45 MP: 11/20
  5751 | D:5      | Entered Level 5 of the Dungeon
  6049 | D:5      | Found Itaggeg's Antique Weapon Shop.
  6068 | D:5      | Reached skill level 8 in Conjurations
  6254 | D:5      | Found a sparkling altar of Nemelex Xobeh.
  6447 | D:5      | Learned a level 2 spell: Blink
  6450 | D:5      | Learned a level 2 spell: Repel Missiles
  6829 | D:6      | Reached skill level 9 in Conjurations
  6976 | D:6      | Got an ivory glaive
  6977 | D:6      | Identified the glaive "Haz Frek" {holy, rElec rPois} (You found it on level 6 of the Dungeon)
  7689 | D:7      | Noticed Eustachio
  7776 | D:7      | Killed Eustachio
  7776 | D:7      | Reached skill level 10 in Conjurations
  7776 | D:7      | Reached XP level 9. HP: 49/49 MP: 14/21
  7848 | D:7      | Noticed Crazy Yiuf
  7860 | D:7      | Killed Crazy Yiuf
  8332 | D:7      | Found a staircase to the Ecumenical Temple.
  8358 | Temple   | Entered the Ecumenical Temple
  8469 | Temple   | Became a worshipper of Vehumet
  9292 | D:7      | Found a sparkling altar of Nemelex Xobeh.
  9295 | D:7      | Found a glowing silver altar of Zin.
  9298 | D:7      | Found a shattered altar of Ashenzari.
  9506 | D:7      | Acquired Vehumet's first power
  9506 | D:7      | Offered knowledge of Sandblast by Vehumet.
 10373 | D:8      | Reached skill level 11 in Conjurations
 10373 | D:8      | Reached XP level 10. HP: 54/54 MP: 16/26
 10639 | D:8      | Offered knowledge of Freeze by Vehumet.
 11209 | D:8      | Found a staircase to the Lair.
 11225 | D:8      | Paralysed by a giant eyeball for 4 turns
 11233 | D:8      | Paralysed by a giant eyeball for 4 turns
 11481 | D:8      | Reached skill level 12 in Conjurations
 11784 | D:8      | Offered knowledge of Stone Arrow by Vehumet.
 11789 | D:8      | Learned a level 3 spell: Stone Arrow
 12682 | D:8      | Acquired Vehumet's second power
 12749 | D:8      | Got a slimy lead amulet
 12956 | Lair:1   | Entered Level 1 of the Lair of Beasts
 13364 | Lair:1   | Found a shimmering altar of Xom.
 13366 | Lair:1   | Noticed an oklob plant
 13415 | Lair:1   | Reached skill level 13 in Conjurations
 13420 | Lair:1   | Offered knowledge of Airstrike by Vehumet.
 13486 | Lair:1   | Identified the amulet "Deil" {Clar Str+4 Int+2} (You found it on level 8 of the Dungeon)
 14139 | Lair:1   | Learned a level 6 spell: Bolt of Cold
 14155 | Lair:1   | Reached skill level 1 in Ice Magic
 14195 | Lair:1   | Reached XP level 11. HP: 59/59 MP: 3/27
 14655 | Lair:2   | Reached skill level 5 in Ice Magic
 15302 | Lair:2   | Acquired Vehumet's third power
 15653 | Lair:2   | Noticed a seven-headed hydra
 15666 | Lair:2   | Killed a seven-headed hydra
 15720 | Lair:2   | Offered knowledge of Olgreb's Toxic Radiance by Vehumet.
 17486 | Lair:3   | Noticed a five-headed hydra
 17494 | Lair:3   | Killed a five-headed hydra
 17875 | Lair:3   | Reached XP level 12. HP: 46/64 MP: 11/29
 18184 | Lair:3   | Got an ebony dire flail
 18185 | Lair:3   | Identified the dire flail of Duty {crush, rPois rC- Str+4} (You found it on level 3 of the Lair of Beasts)
 18412 | Lair:3   | Found a hole to the Spider Nest.
 18426 | Lair:3   | Reached skill level 10 in Spellcasting
 18733 | Lair:3   | Noticed a four-headed hydra
 18737 | Lair:3   | Killed a four-headed hydra
 19163 | Lair:4   | Offered knowledge of Conjure Ball Lightning by Vehumet.
 19327 | Lair:4   | Reached skill level 10 in Ice Magic
 20115 | Lair:5   | Found a staircase to the Snake Pit.
 21017 | Lair:5   | Noticed a death yak
 21017 | Lair:5   | Noticed a death yak
 21018 | Lair:5   | Noticed a death yak
 21020 | Lair:5   | Noticed a death yak
 21031 | Lair:5   | Killed a death yak
 21033 | Lair:5   | Killed a death yak
 21039 | Lair:5   | Killed a death yak
 21345 | Lair:5   | Killed a death yak
 21546 | Lair:5   | Reached XP level 13. HP: 69/69 MP: 27/31
 21815 | Lair:6   | Found a staircase to the Shoals.
 24029 | Lair:7   | Offered knowledge of Fulminant Prism by Vehumet.
 24408 | Lair:7   | Reached skill level 14 in Conjurations
 24632 | Lair:3   | Learned a level 6 spell: Freezing Cloud
 25710 | Lair:8   | Entered Level 8 of the Lair of Beasts
 26342 | Lair:8   | Reached XP level 14. HP: 51/74 MP: 20/32
 26407 | Lair:8   | Found a staircase to the Slime Pits.
 26889 | Lair:8   | Reached skill level 15 in Ice Magic
 26966 | Lair:8   | Reached skill level 15 in Conjurations
 28586 | Lair:8   | Noticed oinker's ghost (powerful MiHu)
 28610 | Lair:8   | Killed oinker's ghost
 29735 | Lair:7   | Reached XP level 15. HP: 79/79 MP: 32/35
 30146 | D:9      | Offered knowledge of Orb of Destruction by Vehumet.
 31198 | D:9      | Noticed Psyche
 31201 | D:9      | Killed Psyche
 31988 | D:9      | Found a staircase to the Orcish Mines.
 32422 | Orc:1    | Entered Level 1 of the Orcish Mines
 32455 | Orc:1    | Offered knowledge of Force Lance by Vehumet.
 32475 | Orc:1    | Found a flagged portal.
 32486 | Bailey   | Entered a bailey
 32660 | Bailey   | Noticed horsemans' ghost (experienced MiFi)
 32695 | Bailey   | Killed horsemans' ghost
 33229 | Bailey   | Reached XP level 16. HP: 84/84 MP: 35/37
 34225 | Orc:3    | Noticed Erica
 34233 | Orc:3    | Killed Erica
 34425 | Orc:3    | Found a roughly hewn altar of Beogh.
 34462 | Orc:2    | Noticed Grum
 34467 | Orc:2    | Killed Grum
 34869 | Orc:1    | Found a roughly hewn altar of Beogh.
 35168 | Orc:1    | Reached skill level 15 in Spellcasting
 35648 | Orc:3    | Reached skill level 1 in Fighting
 35923 | Orc:2    | Offered knowledge of Delayed Fireball by Vehumet.
 36747 | Orc:2    | Found a roughly hewn altar of Beogh.
 36851 | Orc:4    | Entered Level 4 of the Orcish Mines
 37163 | Orc:4    | Found a staircase to the Elven Halls.
 37842 | Orc:4    | Noticed Gastronok
 37851 | Orc:4    | Killed Gastronok
 38105 | Orc:4    | Offered knowledge of Poisonous Cloud by Vehumet.
 38587 | Orc:4    | Found Kuitroal's Food Boutique.
 38587 | Orc:4    | Found Koluj Urr's Food Emporium.
 38590 | Orc:4    | Found Ihijawasch's Jewellery Shop.
 38592 | Orc:4    | Found Kufuhay's General Store.
 39027 | Orc:4    | Noticed Harold
 39029 | Orc:4    | Killed Harold
 39029 | Orc:4    | Reached skill level 5 in Dodging
 39605 | Orc:4    | Bought an uncursed ring of magical power for 300 gold pieces
 39607 | Orc:4    | Bought an uncursed ring of protection from fire for 375 gold pieces
 39607 | Orc:4    | Bought an uncursed ring of protection from magic for 375 gold pieces
 39612 | Orc:4    | Bought a meat ration for 56 gold pieces
 39612 | Orc:4    | Bought a meat ration for 56 gold pieces
 39616 | Orc:4    | Bought a bread ration for 48 gold pieces
 39616 | Orc:4    | Bought a bread ration for 48 gold pieces
 39949 | Lair:3   | Learned a level 1 spell: Apportation
 40076 | D:10     | Entered Level 10 of the Dungeon
 41176 | D:11     | Offered knowledge of Iron Shot by Vehumet.
 41201 | D:11     | Learned a level 6 spell: Iron Shot
 41579 | D:11     | Reached skill level 5 in Fighting
 44251 | D:13     | Learned a level 3 spell: Ozocubu's Armour
 44261 | D:13     | Reached XP level 17. HP: 101/101 MP: 37/38
 44779 | D:13     | Found a shimmering altar of Xom.
 44840 | D:14     | Entered Level 14 of the Dungeon
 44873 | D:14     | Found a labyrinth entrance.
 44897 | Lab      | Entered a labyrinth
 45748 | D:14     | Learned a level 3 spell: Regeneration
 46242 | D:14     | Reached skill level 1 in Charms
 46834 | D:14     | Learned a level 4 spell: Throw Icicle
 46851 | D:15     | Entered Level 15 of the Dungeon
 47486 | Orc:4    | Bought an uncursed ring of see invisible for 225 gold pieces
 47710 | D:15     | Noticed Nikola
 47954 | Orc:4    | Bought a potion of resistance for 105 gold pieces
 47958 | Orc:4    | Bought a meat ration for 56 gold pieces
 48195 | D:15     | Killed Nikola
 48565 | D:15     | Found a blossoming altar of Fedhas.
 48567 | D:15     | Noticed Kirke
 48674 | D:15     | Killed Kirke
 48674 | D:15     | Reached skill level 5 in Charms
 48934 | D:15     | Found a staircase to the Vaults.
 48963 | D:15     | Noticed Louise
 48966 | D:15     | Offered knowledge of Ice Storm by Vehumet.
 48966 | D:15     | Offered knowledge of Shatter by Vehumet.
 48966 | D:15     | Offered knowledge of Tornado by Vehumet.
 48973 | D:15     | Killed Louise
 49001 | D:15     | Got a steaming large shield
 49010 | D:15     | Identified the cursed +1 large shield of the Duke {Int+2 Acc-2 Stlth-} (You took it off Louise on level 15 of the Dungeon)
 49112 | D:15     | Noticed Agnes
 49121 | D:15     | Killed Agnes
 49932 | D:16     | Identified a scroll of acquirement
 51180 | D:16     | Found Chuuxzua's Magic Scroll Boutique.
 51188 | D:16     | Found Kulaup's Armour Emporium.
 51510 | D:16     | Bought a scroll of identify for 32 gold pieces
 51510 | D:16     | Bought a scroll of identify for 32 gold pieces
 52653 | D:17     | Noticed Roxanne
 53476 | D:18     | Found a portal to a secret trove of treasure.
 53607 | D:18     | Reached XP level 18. HP: 108/108 MP: 38/38
 54962 | Lair:2   | Learned a level 6 spell: Haste
 55474 | D:19     | Reached skill level 16 in Ice Magic
 57126 | D:20     | Entered Level 20 of the Dungeon
 57126 | D:20     | Found a blossoming altar of Fedhas.
 57573 | D:20     | Noticed Sojobo
 57971 | Vaults:1 | Entered Level 1 of the Vaults
 59712 | Vaults:1 | Reached skill level 17 in Ice Magic
 60694 | Vaults:2 | Reached XP level 19. HP: 106/114 MP: 39/39
 61042 | Vaults:2 | HP: 5/114 [wolf spider (6)]
 61222 | Vaults:2 | Found a basalt altar of Yredelemnul.
 61222 | Vaults:2 | Found a staircase to the Crypt.
 61223 | Vaults:2 | Found an ancient bone altar of Kikubaaqudgha.
 61563 | Vaults:2 | Noticed Donald
 61579 | Vaults:2 | Killed Donald
 62976 | Vaults:3 | Noticed Jory
 63235 | Vaults:3 | Killed Jory
 63235 | Vaults:3 | Reached skill level 18 in Conjurations
 64414 | Vaults:3 | Found a staircase to the Hall of Blades.
 65902 | Vaults:4 | Found Raufeles' Distillery.
 66550 | Vaults:4 | Reached XP level 20. HP: 100/120 MP: 26/40
 67135 | Vaults:4 | Identified Jaqeomus' Guide on Confrontation
 67207 | Vaults:4 | Reached skill level 19 in Ice Magic
 68509 | Crypt:1  | Entered Level 1 of the Crypt
 69862 | Crypt:1  | Found a deep blue altar of Sif Muna.
 70452 | Crypt:1  | HP: 5/120 [vampire mage/hand axe (13)]
 70452 | Crypt:1  | Slain by a flaming corpse

Action                   |  1- 3 |  4- 6 |  7- 9 | 10-12 | 13-15 | 16-18 | 19-21 || total
-------------------------+-------+-------+-------+-------+-------+-------+-------++-------
Melee: Unarmed           |     1 |       |       |       |       |       |       ||     1
       Whip              |       |     8 |       |     2 |    13 |    14 |    10 ||    47
       Shillelagh        |       |       |       |       |     2 |       |       ||     2
       Staff             |       |       |       |       |       |    20 |       ||    20
 Fire: Blowgun           |       |     2 |    44 |    44 |    84 |       |       ||   174
 Cast: Magic Dart        |    85 |   167 |   503 |   423 |    14 |     1 |       ||  1193
       Conjure Flame     |       |     2 |    19 |     1 |       |       |       ||    22
       Mephitic Cloud    |       |     1 |    40 |    11 |       |       |       ||    52
       Blink             |       |       |     3 |     4 |     5 |     3 |     5 ||    20
       Stone Arrow       |       |       |       |   303 |   489 |   605 |       ||  1397
       Repel Missiles    |       |       |       |     4 |       |    31 |    21 ||    56
       Bolt of Cold      |       |       |       |    40 |    69 |   167 |   114 ||   390
       Freezing Cloud    |       |       |       |       |    35 |   121 |    29 ||   185
       Throw Icicle      |       |       |       |       |       |   480 |   360 ||   840
       Ozocubu's Armour  |       |       |       |       |       |    15 |    24 ||    39
       Regeneration      |       |       |       |       |       |     1 |     9 ||    10
       Iron Shot         |       |       |       |       |       |       |    54 ||    54
       Haste             |       |       |       |       |       |       |     6 ||     6
Evoke: Wand              |       |       |       |       |    13 |     7 |     6 ||    26
  Use: Scroll            |     6 |     2 |     6 |    12 |     8 |    19 |     6 ||    59
       Potion            |       |       |       |       |     1 |     6 |     2 ||     9
